Penguins vs Ducks

Created - 29 mars 2018 at 16:22

Goals
1 2 3 T
Penguins 3 3 1 7
Ducks 0 2 0 2
Shots
1 2 3 T
Penguins 12 15 10 37
Ducks 2 13 5 20

1st period

1. Penguins , Evgeni Malkin 36 (Ryan Ellis 45, Nikita Kucherov 43) at 5:32 (PP)
2. Penguins , Nikita Kucherov 43 (Evgeni Malkin 55, Olli Maatta 23) at 7:26
3. Penguins , Alexander Wennberg 12 (Nathan MacKinnon 43) at 13:13 (PP)

Penalties :
Milan Lucic (ANA) for Hooking (Minor) at 5:01, Karl Stollery (ANA) for Roughing (Minor) at 13:11, David Perron (PIT) for Roughing (Minor) at 16:34

2nd period

4. Ducks , Wayne Simmonds 29 (Kris Letang 36, Mark Scheifele 45) at 7:15
5. Ducks , T.J. Oshie 35 (Claude Giroux 51, Derek Forbort 12) at 9:50
6. Penguins , David Savard 9 (Evgeni Malkin 56, Vladimir Tarasenko 52) at 11:20
7. Penguins , Vladimir Tarasenko 52 (Nikita Kucherov 44, Evgeni Malkin 57) at 14:37 (PP)
8. Penguins , Mark Giordano 16 (Ryan Suter 44, Evgeni Malkin 58) at 17:03

Penalties :
Josh Manson (ANA) for High sticking (Minor) at 12:44, Nikita Zaitsev (ANA) for High sticking (Minor) at 13:19

3rd period

9. Penguins , Ryan Suter 16 (Nathan MacKinnon 44, Phil Kessel 52) at 4:15 (PP)

Penalties :
Josh Manson (ANA) for Holding (Minor) at 2:55, Josh Manson (ANA) for Hooking (Minor) at 9:56, Nikita Zaitsev (ANA) for Hooking (Minor) at 10:22, David Savard (PIT) for Hooking (Minor) at 16:35

Goalie Stats

Ben Bishop (PIT), 18 saves from 20 shots - (0.900), W, 48-10-4, 60:00 minutes
Braden Holtby (ANA), 17 saves from 22 shots - (0.773), L, 27-30-6, 34:37 minutes
Justin Peters (ANA), 13 saves from 15 shots - (0.867), 25:23 minutes

Players Stats for Penguins

Player Name              G  A  P  +/- PIM S  H  SB GA TA FO     MP     PP MP  PK MP  
------------------------------------------------------------------------------------
Alexander Wennberg       1  0  1  -2  0   3  0  0  0  0  9/19   14:40   2:47   0:00 
Christian Dvorak         0  0  0  -2  0   1  0  0  0  0  0/0    14:46   0:00   2:53 
David Perron             0  0  0  -2  2   0  1  0  0  0  0/0    12:19   0:00   0:27 
David Savard             1  0  1   1  2   7  1  2  0  0  0/0    23:46   3:29   1:14 
Evgeni Malkin            1  4  5   3  0   2  0  0  0  0  12/24  20:31   4:05   1:18 
Kevin Labanc             0  0  0   0  0   0  1  1  0  0  0/0     6:23   0:00   0:00 
Mark Barberio            0  0  0   0  0   0  1  0  0  0  0/0    12:01   0:00   0:00 
Mark Giordano            1  0  1   0  0   2  3  0  0  0  0/0    23:23   3:23   1:55 
Nathan MacKinnon         0  2  2   0  0   1  2  0  0  0  7/17   19:11   2:47   0:38 
Nikita Kucherov          1  2  3   3  0   2  1  0  0  0  0/1    19:13   4:05   0:00 
Olli Maatta              0  1  1   0  0   1  0  0  0  0  0/0    13:56   0:00   1:55 
Phil Kessel              0  1  1   0  0   3  0  0  0  0  0/0    18:33   2:47   0:00 
Ryan Ellis               0  1  1   1  0   4  1  0  0  0  0/0    23:49   3:29   2:03 
Ryan Suter               1  1  2   0  0   3  1  0  0  0  0/0    23:04   3:23   0:49 
Sebastian Aho            0  0  0   0  0   1  1  0  0  0  1/3    15:46   0:00   0:00 
Tanner Kero              0  0  0   0  0   0  0  0  0  0  6/11    9:03   0:00   2:40 
Tim Schaller             0  0  0   0  0   1  1  0  0  0  0/1     6:23   0:00   0:00 
Vladimir Tarasenko       1  1  2   3  0   6  1  0  0  0  0/1    19:13   4:05   0:00 

Players Stats for Ducks

Player Name              G  A  P  +/- PIM S  H  SB GA TA FO     MP     PP MP  PK MP  
------------------------------------------------------------------------------------
Andrew Shaw              0  0  0   0  0   1  0  0  0  0  0/0     7:49   1:30   0:12 
Brandon Dubinsky         0  0  0  -1  0   0  1  0  0  0  12/23  15:37   0:00   3:32 
Chris Kunitz             0  0  0  -1  0   1  0  0  0  0  0/1    12:05   0:00   0:00 
Claude Giroux            0  1  1   1  0   3  0  1  0  0  14/25  16:46   2:28   0:00 
Colton Parayko           0  0  0   0  0   2  2  1  0  0  0/0    23:15   2:01   2:51 
David Backes             0  0  0  -1  0   0  0  0  0  0  0/0    12:05   0:00   0:00 
Derek Forbort            0  1  1   0  0   1  1  1  0  0  0/0    17:00   0:00   3:37 
Gabriel Landeskog        0  0  0  -1  0   0  2  0  0  0  1/1    19:09   0:00   2:29 
Josh Manson              0  0  0  -1  6   1  5  2  0  0  0/0    19:16   0:22   0:49 
Karl Stollery            0  0  0   0  2   0  0  0  0  0  0/0    16:39   1:35   2:26 
Kris Letang              0  1  1   0  0   0  3  2  0  0  0/0    22:39   2:01   2:59 
Mark Scheifele           0  1  1  -1  0   2  0  0  0  0  9/18   18:10   1:30   0:00 
Milan Lucic              0  0  0   1  2   0  3  0  0  0  0/0    16:45   2:28   0:00 
Nikita Zaitsev           0  0  0  -1  4   0  2  2  0  0  0/0    20:53   1:57   0:48 
Steve Ott                0  0  0   0  0   0  1  0  0  0  6/8     9:00   0:00   2:53 
T.J. Oshie               1  0  1   1  0   5  1  0  0  0  0/0    17:13   2:28   0:27 
Wayne Simmonds           1  0  1  -1  0   4  1  0  0  0  0/1    18:10   1:30   0:00 
Yanni Gourde             0  0  0   0  0   0  0  1  0  0  0/0     7:39   0:00   1:32 

3 Stars

1 - Evgeni Malkin (PIT)
2 - Nikita Kucherov (PIT)
3 - Vladimir Tarasenko (PIT)

Power Play

Penguins - 4 on 7 Attempt(s) - 57.14%
Ducks - 0 on 2 Attempt(s) - 0.00%

Penalty Kill

Penguins - 2 on 2 Attempt(s) - 100.00% - Score 0 goal in Penalty Kill
Ducks - 3 on 7 Attempt(s) - 42.86% - Score 0 goal in Penalty Kill

Team Stat

Penguins - Hits : 15 - Faceoff Wins : 35 - Blocked Shots : 3 - Penalty Minutes : 4
Ducks - Hits : 22 - Faceoff Wins : 42 - Blocked Shots : 10 - Penalty Minutes : 14

Official

Referees : TJ Luxmore and Mike Hasenfratz
Linesman : Ryan Galloway and John Grandt

Game Notes

Justin Peters enters game at 14:37 of 2nd period

Finance

Level 1 -- Attendance: 6500 (100.00%) -- Ticket Income 715 000 $
Level 2 -- Attendance: 4452 (89.04%) -- Ticket Income 333 900 $
Level 3 -- Attendance: 2600 (100.00%) -- Ticket Income 145 600 $
Level 4 -- Attendance: 2074 (100.00%) -- Ticket Income 82 960 $
Luxury Box -- Attendance: 1000 (100.00%) -- Ticket Income 199 000 $
Game was played at the Honda Center.
Total Attendance: 16626 (96.81%)
Total Ticket Income: 1 476 460 $
Other Income: 221 469 $
Total Income: 1 697 929 $

% Time on Ice - Penguins

Lines # - Real PCT - Wanted PCT - Time Play
Normal Forward
1 - 31% - 32% - 15:08
2 - 32% - 32% - 15:46
3 - 24% - 26% - 11:53
4 - 13% - 10% - 6:23
Normal Defense
1 - 37% - 41% - 18:05
2 - 37% - 41% - 18:17
3 - 24% - 18% - 12:01
4 - 2% - 0% - 0:47
PP Forward
1 - 59% - 60% - 4:05
2 - 41% - 40% - 2:47
PP Defense
1 - 49% - 60% - 3:23
2 - 51% - 40% - 3:29
PK Forward
1 - 84% - 60% - 3:20
2 - 16% - 40% - 0:38
PK Defense
1 - 48% - 60% - 1:55
2 - 52% - 40% - 2:03
PK3 Forward
1 - 0% - 60%
2 - 0% - 40%
PK3 Defense
1 - 0% - 60%
2 - 0% - 40%
44 Forward
1 - 0% - 60%
2 - 0% - 40%
44 Defense
1 - 0% - 60%
2 - 0% - 40%
Last Minute Offensive  - 0:00
Last Minute Defensive  - 0:00
Total
Forward - 60:00
Defense - 60:00

% Time on Ice - Ducks

Lines # - Real PCT - Wanted PCT - Time Play
Normal Forward
1 - 34% - 34% - 16:40
2 - 29% - 30% - 14:18
3 - 25% - 25% - 12:05
4 - 12% - 11% - 6:07
Normal Defense
1 - 36% - 37% - 17:39
2 - 37% - 37% - 18:08
3 - 27% - 26% - 13:20
4 - 0% - 0% - 0:03
PP Forward
1 - 38% - 55% - 1:30
2 - 62% - 45% - 2:28
PP Defense
1 - 49% - 55% - 1:57
2 - 51% - 45% - 2:01
PK Forward
1 - 62% - 55% - 2:29
2 - 38% - 45% - 1:32
PK Defense
1 - 63% - 55% - 2:33
2 - 37% - 45% - 1:28
PK3 Forward
1 - 53% - 55% - 1:30
2 - 47% - 45% - 1:21
PK3 Defense
1 - 72% - 55% - 2:03
2 - 28% - 45% - 0:48
44 Forward
1 - 0% - 55%
2 - 0% - 45%
44 Defense
1 - 0% - 55%
2 - 0% - 45%
Last Minute Offensive  - 0:00
Last Minute Defensive  - 0:00
Total
Forward - 60:00
Defense - 60:00

Play by Play

1st period


0:01 of 1st period - Mark Scheifele wins face-off versus Evgeni Malkin in neutral zone.
0:57 of 1st period - Off-side.
0:58 of 1st period - Claude Giroux wins face-off versus Alexander Wennberg in neutral zone.
1:01 of 1st period - Shot by T.J. Oshie.
1:01 of 1st period - Shot Blocked by David Savard.
1:11 of 1st period - Shot by Alexander Wennberg.
1:11 of 1st period - Stopped by Braden Holtby without a rebound.
1:12 of 1st period - Brandon Dubinsky wins face-off versus Nathan MacKinnon in Ducks zone.
1:26 of 1st period - Shot by Chris Kunitz.
1:26 of 1st period - Stopped by Ben Bishop without a rebound.
1:27 of 1st period - Tanner Kero wins face-off versus Claude Giroux in Penguins zone.
1:46 of 1st period - Shot by Tanner Kero.
1:46 of 1st period - Shot Misses the Net.
1:48 of 1st period - Shot by David Savard.
1:48 of 1st period - Stopped by Braden Holtby without a rebound.
1:49 of 1st period - Alexander Wennberg wins face-off versus Brandon Dubinsky in Ducks zone.
2:22 of 1st period - Shot by Alexander Wennberg.
2:22 of 1st period - Stopped by Braden Holtby without a rebound.
2:23 of 1st period - Steve Ott wins face-off versus Nathan MacKinnon in Ducks zone.
3:20 of 1st period - Shot by Evgeni Malkin.
3:20 of 1st period - Shot Misses the Net.
3:34 of 1st period - Shot by Vladimir Tarasenko.
3:34 of 1st period - Stopped by Braden Holtby without a rebound.
3:35 of 1st period - Alexander Wennberg wins face-off versus Wayne Simmonds in Ducks zone.
3:57 of 1st period - Shot by Wayne Simmonds.
3:57 of 1st period - Shot Misses the Net.
4:35 of 1st period - Icing by Josh Manson.
4:36 of 1st period - Brandon Dubinsky wins face-off versus Evgeni Malkin in Ducks zone.
4:44 of 1st period - Off-side.
4:45 of 1st period - Nathan MacKinnon wins face-off versus Claude Giroux in neutral zone.
4:45 of 1st period - Mark Giordano is hit by T.J. Oshie and loses puck.
5:01 of 1st period - Minor Penalty to Milan Lucic for Hooking.
5:02 of 1st period - Evgeni Malkin wins face-off versus Brandon Dubinsky in Ducks zone.
5:02 of 1st period - Evgeni Malkin is hit by Josh Manson.
5:22 of 1st period - Shot by Nikita Kucherov.
5:22 of 1st period - Shot Misses the Net.
5:24 of 1st period - Shot by David Savard.
5:24 of 1st period - Shot Blocked by Yanni Gourde.
5:26 of 1st period - Shot by Nikita Kucherov.
5:26 of 1st period - Shot Misses the Net.
5:28 of 1st period - Shot by Ryan Ellis.
5:28 of 1st period - Stopped by Braden Holtby with a rebound.
5:30 of 1st period - Shot by Ryan Ellis.
5:30 of 1st period - Stopped by Braden Holtby with a rebound.
5:32 of 1st period - Shot by Evgeni Malkin.
5:32 of 1st period - Goal by Evgeni Malkin - Penguins : 1 - Ducks : 0.
5:33 of 1st period - Nathan MacKinnon wins face-off versus Claude Giroux in neutral zone.
5:55 of 1st period - Shot by T.J. Oshie.
5:55 of 1st period - Shot Hit the Post.
6:07 of 1st period - Shot by Sebastian Aho.
6:07 of 1st period - Shot Misses the Net.
7:19 of 1st period - Nikita Kucherov is hit by Kris Letang and loses puck.
7:26 of 1st period - Shot by Nikita Kucherov.
7:26 of 1st period - Goal by Nikita Kucherov - Penguins : 2 - Ducks : 0.
7:27 of 1st period - Alexander Wennberg wins face-off versus Brandon Dubinsky in neutral zone.
7:44 of 1st period - Shot by David Perron.
7:44 of 1st period - Shot Misses the Net.
7:46 of 1st period - Shot by Ryan Suter.
7:46 of 1st period - Shot Hit the Post.
8:48 of 1st period - Evgeni Malkin is hit by Nikita Zaitsev and loses puck.
10:50 of 1st period - Off-side.
10:51 of 1st period - Brandon Dubinsky wins face-off versus Alexander Wennberg in neutral zone.
10:53 of 1st period - Off-side.
10:54 of 1st period - Brandon Dubinsky wins face-off versus Vladimir Tarasenko in neutral zone.
11:10 of 1st period - Off-side.
11:11 of 1st period - Claude Giroux wins face-off versus Sebastian Aho in neutral zone.
11:39 of 1st period - Icing by Nikita Zaitsev.
11:40 of 1st period - Claude Giroux wins face-off versus Evgeni Malkin in Ducks zone.
11:40 of 1st period - Claude Giroux is hit by Vladimir Tarasenko.
12:51 of 1st period - Shot by David Backes.
12:51 of 1st period - Shot Misses the Net.
13:10 of 1st period - Ryan Suter is hit by Gabriel Landeskog.
13:11 of 1st period - Minor Penalty to Karl Stollery for Roughing.
13:12 of 1st period - Nathan MacKinnon wins face-off versus Brandon Dubinsky in Ducks zone.
13:13 of 1st period - Shot by Alexander Wennberg.
13:13 of 1st period - Goal by Alexander Wennberg - Penguins : 3 - Ducks : 0.
13:14 of 1st period - Mark Scheifele wins face-off versus Nathan MacKinnon in neutral zone.
13:16 of 1st period - Off-side.
13:17 of 1st period - Mark Scheifele wins face-off versus Nathan MacKinnon in neutral zone.
13:50 of 1st period - Shot by Phil Kessel.
13:50 of 1st period - Stopped by Braden Holtby without a rebound.
13:51 of 1st period - Evgeni Malkin wins face-off versus Claude Giroux in Ducks zone.
13:56 of 1st period - Shot by Nikita Kucherov.
13:56 of 1st period - Shot Hit the Post.
13:58 of 1st period - Shot by David Savard.
13:58 of 1st period - Shot Blocked by Kris Letang.
14:00 of 1st period - Shot by Evgeni Malkin.
14:00 of 1st period - Shot Blocked by Kris Letang.
14:18 of 1st period - Shot by Evgeni Malkin.
14:18 of 1st period - Shot Misses the Net.
14:20 of 1st period - Shot by David Savard.
14:20 of 1st period - Shot Misses the Net.
14:22 of 1st period - Shot by Vladimir Tarasenko.
14:22 of 1st period - Stopped by Braden Holtby without a rebound.
14:23 of 1st period - Alexander Wennberg wins face-off versus Brandon Dubinsky in Ducks zone.
14:55 of 1st period - Icing by Brandon Dubinsky.
14:56 of 1st period - Brandon Dubinsky wins face-off versus Nathan MacKinnon in Ducks zone.
15:05 of 1st period - Shot by Phil Kessel.
15:05 of 1st period - Shot Misses the Net.
15:58 of 1st period - Shot by Mark Scheifele.
15:58 of 1st period - Shot Misses the Net.
16:34 of 1st period - Minor Penalty to David Perron for Roughing.
16:35 of 1st period - Tanner Kero wins face-off versus Claude Giroux in Penguins zone.
16:35 of 1st period - Tanner Kero is hit by Milan Lucic.
16:52 of 1st period - Icing by Claude Giroux.
16:53 of 1st period - Claude Giroux wins face-off versus Tanner Kero in Ducks zone.
18:03 of 1st period - Shot by Andrew Shaw.
18:03 of 1st period - Shot Misses the Net.
18:05 of 1st period - Shot by Colton Parayko.
18:05 of 1st period - Shot Misses the Net.
19:31 of 1st period - Shot by Steve Ott.
19:31 of 1st period - Shot Misses the Net.
19:36 of 1st period - Steve Ott is hit by Mark Giordano and loses puck.
19:39 of 1st period - Shot by Josh Manson.
19:39 of 1st period - Stopped by Ben Bishop without a rebound.
19:40 of 1st period - Nathan MacKinnon wins face-off versus Mark Scheifele in Penguins zone.
19:51 of 1st period - Shot by Phil Kessel.
19:51 of 1st period - Stopped by Braden Holtby without a rebound.
19:52 of 1st period - Mark Scheifele wins face-off versus Evgeni Malkin in Ducks zone.
Goals for this period are 3 for Penguins vs 0 for Ducks.
Shots for this period are 12 for Penguins vs 2 for Ducks.

2nd period


0:01 of 2nd period - Claude Giroux wins face-off versus Alexander Wennberg in neutral zone.
0:22 of 2nd period - Shot by T.J. Oshie.
0:22 of 2nd period - Stopped by Ben Bishop without a rebound.
0:23 of 2nd period - Sebastian Aho wins face-off versus Mark Scheifele in Penguins zone.
0:29 of 2nd period - Sebastian Aho is hit by Josh Manson and loses puck.
0:37 of 2nd period - Phil Kessel is hit by Josh Manson and loses puck.
0:46 of 2nd period - Shot by Phil Kessel.
0:46 of 2nd period - Shot Misses the Net.
1:21 of 2nd period - Shot by Alexander Wennberg.
1:21 of 2nd period - Shot Misses the Net.
1:23 of 2nd period - Shot by Christian Dvorak.
1:23 of 2nd period - Stopped by Braden Holtby with a rebound.
1:25 of 2nd period - Shot by David Savard.
1:25 of 2nd period - Shot Misses the Net.
2:03 of 2nd period - Olli Maatta is hit by Gabriel Landeskog and loses puck.
2:26 of 2nd period - Shot by Milan Lucic.
2:26 of 2nd period - Shot Misses the Net.
2:31 of 2nd period - Icing by Olli Maatta.
2:32 of 2nd period - Evgeni Malkin wins face-off versus Brandon Dubinsky in Penguins zone.
2:39 of 2nd period - Shot by Evgeni Malkin.
2:39 of 2nd period - Stopped by Braden Holtby with a rebound.
3:13 of 2nd period - Derek Forbort is hit by Tim Schaller and loses puck.
3:33 of 2nd period - Nathan MacKinnon is hit by Derek Forbort and loses puck.
3:48 of 2nd period - Shot by Phil Kessel.
3:48 of 2nd period - Shot Misses the Net.
3:57 of 2nd period - Icing by Brandon Dubinsky.
3:58 of 2nd period - Alexander Wennberg wins face-off versus Chris Kunitz in Ducks zone.
4:37 of 2nd period - Shot by Claude Giroux.
4:37 of 2nd period - Stopped by Ben Bishop without a rebound.
4:38 of 2nd period - Evgeni Malkin wins face-off versus Steve Ott in Penguins zone.
4:45 of 2nd period - Shot by Nikita Kucherov.
4:45 of 2nd period - Stopped by Braden Holtby with a rebound.
4:47 of 2nd period - Shot by David Savard.
4:47 of 2nd period - Shot Misses the Net.
4:51 of 2nd period - Shot by Vladimir Tarasenko.
4:51 of 2nd period - Shot Misses the Net.
4:53 of 2nd period - Shot by David Savard.
4:53 of 2nd period - Stopped by Braden Holtby without a rebound.
4:54 of 2nd period - Nathan MacKinnon wins face-off versus Claude Giroux in Ducks zone.
5:07 of 2nd period - Shot by Phil Kessel.
5:07 of 2nd period - Shot Misses the Net.
5:09 of 2nd period - Shot by Nathan MacKinnon.
5:09 of 2nd period - Deflect By Phil Kessel.
5:09 of 2nd period - Shot Misses the Net.
5:11 of 2nd period - Shot by Sebastian Aho.
5:11 of 2nd period - Shot Misses the Net.
5:13 of 2nd period - Shot by Sebastian Aho.
5:13 of 2nd period - Shot Misses the Net.
5:25 of 2nd period - Shot by Phil Kessel.
5:25 of 2nd period - Stopped by Braden Holtby without a rebound.
5:26 of 2nd period - Evgeni Malkin wins face-off versus Mark Scheifele in Ducks zone.
5:57 of 2nd period - Shot by Vladimir Tarasenko.
5:57 of 2nd period - Stopped by Braden Holtby without a rebound.
5:58 of 2nd period - Steve Ott wins face-off versus Alexander Wennberg in Ducks zone.
6:00 of 2nd period - Icing by Andrew Shaw.
6:01 of 2nd period - Steve Ott wins face-off versus Alexander Wennberg in Ducks zone.
6:08 of 2nd period - Shot by Andrew Shaw.
6:08 of 2nd period - Stopped by Ben Bishop without a rebound.
6:09 of 2nd period - Nathan MacKinnon wins face-off versus Claude Giroux in Penguins zone.
6:09 of 2nd period - Nathan MacKinnon is hit by Milan Lucic.
6:21 of 2nd period - Shot by Nathan MacKinnon.
6:21 of 2nd period - Stopped by Braden Holtby with a rebound.
6:39 of 2nd period - Shot by T.J. Oshie.
6:39 of 2nd period - Stopped by Ben Bishop without a rebound.
6:40 of 2nd period - Alexander Wennberg wins face-off versus Mark Scheifele in Penguins zone.
7:15 of 2nd period - Shot by Wayne Simmonds.
7:15 of 2nd period - Goal by Wayne Simmonds - Penguins : 3 - Ducks : 1.
7:16 of 2nd period - Claude Giroux wins face-off versus Evgeni Malkin in neutral zone.
8:35 of 2nd period - Yanni Gourde is hit by Mark Giordano and loses puck.
9:02 of 2nd period - Shot by Wayne Simmonds.
9:02 of 2nd period - Stopped by Ben Bishop without a rebound.
9:03 of 2nd period - Alexander Wennberg wins face-off versus Brandon Dubinsky in Penguins zone.
9:03 of 2nd period - Alexander Wennberg is hit by Brandon Dubinsky.
9:38 of 2nd period - Icing by Mark Barberio.
9:39 of 2nd period - Claude Giroux wins face-off versus Alexander Wennberg in Penguins zone.
9:50 of 2nd period - Shot by Claude Giroux.
9:50 of 2nd period - Deflect By T.J. Oshie.
9:50 of 2nd period - Goal by T.J. Oshie - Penguins : 3 - Ducks : 2.
9:51 of 2nd period - Mark Scheifele wins face-off versus Nathan MacKinnon in neutral zone.
9:54 of 2nd period - Shot by Mark Scheifele.
9:54 of 2nd period - Deflect By Gabriel Landeskog.
9:54 of 2nd period - Shot Misses the Net.
10:04 of 2nd period - Shot by Mark Scheifele.
10:04 of 2nd period - Shot Misses the Net.
10:12 of 2nd period - Shot by Mark Scheifele.
10:12 of 2nd period - Stopped by Ben Bishop with a rebound.
10:14 of 2nd period - Shot by Mark Scheifele.
10:14 of 2nd period - Stopped by Ben Bishop without a rebound.
10:15 of 2nd period - Claude Giroux wins face-off versus Evgeni Malkin in Penguins zone.
10:25 of 2nd period - Shot by T.J. Oshie.
10:25 of 2nd period - Stopped by Ben Bishop without a rebound.
10:26 of 2nd period - Brandon Dubinsky wins face-off versus Tanner Kero in Penguins zone.
10:26 of 2nd period - Brandon Dubinsky is hit by Ryan Suter.
10:40 of 2nd period - Shot by Tanner Kero.
10:40 of 2nd period - Shot Misses the Net.
11:14 of 2nd period - Shot by Vladimir Tarasenko.
11:14 of 2nd period - Stopped by Braden Holtby with a rebound.
11:16 of 2nd period - Shot by David Savard.
11:16 of 2nd period - Shot Blocked by Derek Forbort.
11:18 of 2nd period - Shot by Evgeni Malkin.
11:18 of 2nd period - Shot Misses the Net.
11:20 of 2nd period - Shot by David Savard.
11:20 of 2nd period - Goal by David Savard - Penguins : 4 - Ducks : 2.
11:21 of 2nd period - Claude Giroux wins face-off versus Alexander Wennberg in neutral zone.
11:25 of 2nd period - Off-side.
11:26 of 2nd period - Claude Giroux wins face-off versus Evgeni Malkin in neutral zone.
11:36 of 2nd period - Icing by Kris Letang.
11:37 of 2nd period - Claude Giroux wins face-off versus Sebastian Aho in Ducks zone.
11:37 of 2nd period - Claude Giroux is hit by Nathan MacKinnon.
11:46 of 2nd period - Kris Letang is hit by Sebastian Aho and loses puck.
11:59 of 2nd period - Shot by Claude Giroux.
11:59 of 2nd period - Stopped by Ben Bishop without a rebound.
12:00 of 2nd period - Mark Scheifele wins face-off versus Alexander Wennberg in Penguins zone.
12:08 of 2nd period - Icing by Alexander Wennberg.
12:09 of 2nd period - Alexander Wennberg wins face-off versus Mark Scheifele in Penguins zone.
12:24 of 2nd period - Shot by Alexander Wennberg.
12:24 of 2nd period - Shot Misses the Net.
12:29 of 2nd period - Shot by David Perron.
12:29 of 2nd period - Shot Misses the Net.
12:34 of 2nd period - David Perron is hit by Josh Manson and loses puck.
12:44 of 2nd period - Minor Penalty to Josh Manson for High sticking.
12:45 of 2nd period - Evgeni Malkin wins face-off versus Brandon Dubinsky in Ducks zone.
13:19 of 2nd period - Minor Penalty to Nikita Zaitsev for High sticking.
13:20 of 2nd period - Nathan MacKinnon wins face-off versus Brandon Dubinsky in Ducks zone.
13:25 of 2nd period - Shot by Nathan MacKinnon.
13:25 of 2nd period - Shot Misses the Net.
14:16 of 2nd period - Off-side.
14:17 of 2nd period - Brandon Dubinsky wins face-off versus Evgeni Malkin in neutral zone.
14:23 of 2nd period - Icing by Ryan Suter.
14:24 of 2nd period - Steve Ott wins face-off versus Evgeni Malkin in Penguins zone.
14:30 of 2nd period - Evgeni Malkin is hit by Kris Letang and loses puck.
14:35 of 2nd period - Shot by Nikita Kucherov.
14:35 of 2nd period - Shot Hit the Post.
14:37 of 2nd period - Shot by Vladimir Tarasenko.
14:37 of 2nd period - Goal by Vladimir Tarasenko - Penguins : 5 - Ducks : 2.
14:37 of 2nd period - Justin Peters enters game.
14:38 of 2nd period - Brandon Dubinsky wins face-off versus Nathan MacKinnon in neutral zone.
14:57 of 2nd period - Shot by Mark Giordano.
14:57 of 2nd period - Stopped by Justin Peters without a rebound.
14:58 of 2nd period - Evgeni Malkin wins face-off versus Brandon Dubinsky in Ducks zone.
14:59 of 2nd period - Shot by Ryan Ellis.
14:59 of 2nd period - Shot Blocked by Josh Manson.
15:01 of 2nd period - Shot by David Savard.
15:01 of 2nd period - Stopped by Justin Peters with a rebound.
15:03 of 2nd period - Shot by David Savard.
15:03 of 2nd period - Stopped by Justin Peters without a rebound.
15:04 of 2nd period - Brandon Dubinsky wins face-off versus Nikita Kucherov in Ducks zone.
15:04 of 2nd period - Brandon Dubinsky is hit by Nikita Kucherov.
15:41 of 2nd period - Shot by Yanni Gourde.
15:41 of 2nd period - Shot Misses the Net.
16:05 of 2nd period - Ryan Ellis is hit by Colton Parayko and loses puck.
16:16 of 2nd period - Ryan Ellis is hit by Milan Lucic and loses puck.
16:37 of 2nd period - Shot by Claude Giroux.
16:37 of 2nd period - Deflect By T.J. Oshie.
16:37 of 2nd period - Stopped by Ben Bishop without a rebound.
16:38 of 2nd period - Mark Scheifele wins face-off versus Evgeni Malkin in Penguins zone.
16:39 of 2nd period - Shot by Wayne Simmonds.
16:39 of 2nd period - Shot Misses the Net.
16:58 of 2nd period - Evgeni Malkin is hit by Nikita Zaitsev and loses puck.
17:01 of 2nd period - Shot by Ryan Suter.
17:01 of 2nd period - Shot Blocked by Josh Manson.
17:03 of 2nd period - Shot by Mark Giordano.
17:03 of 2nd period - Goal by Mark Giordano - Penguins : 6 - Ducks : 2.
17:04 of 2nd period - Brandon Dubinsky wins face-off versus Alexander Wennberg in neutral zone.
17:31 of 2nd period - Shot by Brandon Dubinsky.
17:31 of 2nd period - Shot Misses the Net.
17:33 of 2nd period - Shot by Brandon Dubinsky.
17:33 of 2nd period - Shot Misses the Net.
17:35 of 2nd period - Shot by Derek Forbort.
17:35 of 2nd period - Stopped by Ben Bishop with a rebound.
17:42 of 2nd period - Off-side.
17:43 of 2nd period - Evgeni Malkin wins face-off versus Mark Scheifele in neutral zone.
17:46 of 2nd period - Shot by Vladimir Tarasenko.
17:46 of 2nd period - Stopped by Justin Peters with a rebound.
19:00 of 2nd period - Mark Scheifele is hit by David Savard and loses puck.
Goals for this period are 3 for Penguins vs 2 for Ducks.
Shots for this period are 15 for Penguins vs 13 for Ducks.

3rd period


0:01 of 3rd period - Evgeni Malkin wins face-off versus Claude Giroux in neutral zone.
0:15 of 3rd period - Shot by Evgeni Malkin.
0:15 of 3rd period - Shot Blocked by Nikita Zaitsev.
0:17 of 3rd period - Shot by Ryan Ellis.
0:17 of 3rd period - Shot Blocked by Claude Giroux.
0:19 of 3rd period - Shot by David Savard.
0:19 of 3rd period - Stopped by Justin Peters without a rebound.
0:20 of 3rd period - Alexander Wennberg wins face-off versus Mark Scheifele in Ducks zone.
0:27 of 3rd period - Shot by Alexander Wennberg.
0:27 of 3rd period - Deflect By Christian Dvorak.
0:27 of 3rd period - Shot Misses the Net.
0:38 of 3rd period - David Perron is hit by Kris Letang and loses puck.
0:44 of 3rd period - Icing by Kris Letang.
0:45 of 3rd period - Evgeni Malkin wins face-off versus Mark Scheifele in Ducks zone.
1:09 of 3rd period - Shot by Vladimir Tarasenko.
1:09 of 3rd period - Deflect By Evgeni Malkin.
1:09 of 3rd period - Shot Blocked by Colton Parayko.
1:11 of 3rd period - Shot by Ryan Ellis.
1:11 of 3rd period - Stopped by Justin Peters with a rebound.
1:52 of 3rd period - Shot by Christian Dvorak.
1:52 of 3rd period - Shot Misses the Net.
1:54 of 3rd period - Shot by Ryan Suter.
1:54 of 3rd period - Stopped by Justin Peters without a rebound.
1:55 of 3rd period - Claude Giroux wins face-off versus Nathan MacKinnon in Ducks zone.
2:20 of 3rd period - Nathan MacKinnon is hit by Josh Manson and loses puck.
2:48 of 3rd period - Shot by David Perron.
2:48 of 3rd period - Shot Misses the Net.
2:55 of 3rd period - Minor Penalty to Josh Manson for Holding.
2:56 of 3rd period - Evgeni Malkin wins face-off versus Steve Ott in Ducks zone.
4:13 of 3rd period - Shot by Ryan Suter.
4:13 of 3rd period - Stopped by Justin Peters with a rebound.
4:15 of 3rd period - Shot by Ryan Suter.
4:15 of 3rd period - Goal by Ryan Suter - Penguins : 7 - Ducks : 2.
4:16 of 3rd period - Brandon Dubinsky wins face-off versus Tanner Kero in neutral zone.
4:18 of 3rd period - Off-side.
4:19 of 3rd period - Tanner Kero wins face-off versus Claude Giroux in neutral zone.
4:32 of 3rd period - Shot by Tanner Kero.
4:32 of 3rd period - Shot Blocked by Nikita Zaitsev.
4:47 of 3rd period - Claude Giroux is hit by Mark Barberio and loses puck.
5:40 of 3rd period - Nikita Kucherov is hit by Colton Parayko and loses puck.
6:25 of 3rd period - Shot by Nathan MacKinnon.
6:25 of 3rd period - Shot Misses the Net.
6:33 of 3rd period - Shot by Gabriel Landeskog.
6:33 of 3rd period - Shot Misses the Net.
7:29 of 3rd period - Shot by Claude Giroux.
7:29 of 3rd period - Shot Misses the Net.
7:55 of 3rd period - Colton Parayko is hit by David Perron and loses puck.
8:35 of 3rd period - Mark Barberio is hit by Steve Ott and loses puck.
8:57 of 3rd period - Icing by Mark Giordano.
8:58 of 3rd period - Tanner Kero wins face-off versus Brandon Dubinsky in Penguins zone.
9:03 of 3rd period - Chris Kunitz is hit by Kevin Labanc and loses puck.
9:50 of 3rd period - Shot by Wayne Simmonds.
9:50 of 3rd period - Stopped by Ben Bishop without a rebound.
9:51 of 3rd period - Evgeni Malkin wins face-off versus Mark Scheifele in Penguins zone.
9:51 of 3rd period - Evgeni Malkin is hit by Wayne Simmonds.
9:56 of 3rd period - Minor Penalty to Josh Manson for Hooking.
9:57 of 3rd period - Gabriel Landeskog wins face-off versus Evgeni Malkin in Ducks zone.
10:22 of 3rd period - Minor Penalty to Nikita Zaitsev for Hooking.
10:23 of 3rd period - Steve Ott wins face-off versus Nathan MacKinnon in Ducks zone.
10:23 of 3rd period - Steve Ott is hit by Nathan MacKinnon.
11:22 of 3rd period - Shot by Nikita Kucherov.
11:22 of 3rd period - Deflect By Evgeni Malkin.
11:22 of 3rd period - Shot Misses the Net.
11:24 of 3rd period - Shot by David Savard.
11:24 of 3rd period - Stopped by Justin Peters with a rebound.
11:26 of 3rd period - Shot by Ryan Ellis.
11:26 of 3rd period - Stopped by Justin Peters without a rebound.
11:27 of 3rd period - Brandon Dubinsky wins face-off versus Evgeni Malkin in Ducks zone.
12:27 of 3rd period - Shot by Tim Schaller.
12:27 of 3rd period - Stopped by Justin Peters without a rebound.
12:28 of 3rd period - Tanner Kero wins face-off versus Claude Giroux in Ducks zone.
12:39 of 3rd period - Icing by Josh Manson.
12:40 of 3rd period - Claude Giroux wins face-off versus Alexander Wennberg in Ducks zone.
12:51 of 3rd period - Shot by Olli Maatta.
12:51 of 3rd period - Stopped by Justin Peters with a rebound.
13:47 of 3rd period - Shot by Mark Scheifele.
13:47 of 3rd period - Shot Blocked by David Savard.
14:50 of 3rd period - Chris Kunitz is hit by Mark Giordano.
14:59 of 3rd period - Icing by Mark Giordano.
15:00 of 3rd period - Steve Ott wins face-off versus Nathan MacKinnon in Penguins zone.
15:56 of 3rd period - Shot by Wayne Simmonds.
15:56 of 3rd period - Stopped by Ben Bishop with a rebound.
15:58 of 3rd period - Shot by Colton Parayko.
15:58 of 3rd period - Stopped by Ben Bishop with a rebound.
16:00 of 3rd period - Shot by Colton Parayko.
16:00 of 3rd period - Stopped by Ben Bishop without a rebound.
16:01 of 3rd period - Tanner Kero wins face-off versus Claude Giroux in Penguins zone.
16:06 of 3rd period - Shot by Claude Giroux.
16:06 of 3rd period - Shot Misses the Net.
16:15 of 3rd period - Icing by David Savard.
16:16 of 3rd period - Mark Scheifele wins face-off versus Tim Schaller in Penguins zone.
16:16 of 3rd period - Mark Scheifele is hit by Ryan Ellis.
16:24 of 3rd period - Shot by Wayne Simmonds.
16:24 of 3rd period - Shot Blocked by Kevin Labanc.
16:35 of 3rd period - Minor Penalty to David Savard for Hooking.
16:36 of 3rd period - Claude Giroux wins face-off versus Tanner Kero in Penguins zone.
17:17 of 3rd period - Shot by Claude Giroux.
17:17 of 3rd period - Stopped by Ben Bishop without a rebound.
17:18 of 3rd period - Mark Scheifele wins face-off versus Tanner Kero in Penguins zone.
17:53 of 3rd period - Shot by Wayne Simmonds.
17:53 of 3rd period - Shot Misses the Net.
18:19 of 3rd period - Shot by T.J. Oshie.
18:19 of 3rd period - Shot Misses the Net.
18:49 of 3rd period - Shot by Sebastian Aho.
18:49 of 3rd period - Stopped by Justin Peters with a rebound.
Goals for this period are 1 for Penguins vs 0 for Ducks.
Shots for this period are 10 for Penguins vs 5 for Ducks.